 Dungeon Crawl Stone Soup version 0.24.0-10-g970556be89 (webtiles) character file.

Game seed: 8983232709729929327, levelgen mode: deterministic

2948 inmateoo the Grappler (level 9, -5/78 HPs)
             Began as a Naga Transmuter on Nov 4, 2019.
             Was a Believer of Cheibriados.
             Slain by a yak (11 damage)
             ... on level 6 of the Dungeon.
             The game lasted 00:09:47 (8755 turns).

inmateoo the Grappler (Naga Transmuter)             Turns: 8755, Time: 00:09:48

Health: -5/78      AC:  4    Str: 18    XL:     9   Next: 81%
Magic:  0/25       EV: 10    Int: 18    God:    Cheibriados [**....]
Gold:   391        SH:  0    Dex: 17    Spells: 8/18 levels left

rFire    . . .     SeeInvis +     - Unarmed
rCold    . . .     Gourm    .   (no shield)
rNeg     + . .     Faith    .   b - +0 robe
rPois    +         Spirit   +   (no helmet)
rElec    .         Reflect  .   j - scarf {Spirit}
rCorr    .         Harm     .   (no gloves)
MR       +....                  (no barding)
Stlth    ++........             (no amulet)
HPRegen  0.23/turn              n - ring of positive energy
MPRegen  0.19/turn              o - ring of magical power

@: very slow
A: large, see invisible, deformed body, poison resistance, slowness 2, slow
metabolism 1, spit poison 1, AC +3
a: Spit Poison, Bend Time, Renounce Religion


You were on level 6 of the Dungeon.
You worshipped Cheibriados.
Cheibriados was pleased with you.
You were not hungry.

You visited 1 branch of the dungeon, and saw 7 of its levels.

You collected 391 gold pieces.

Inventory:

Missiles
 a - 114 arrows
Armour
 b - a +0 robe (worn)
 e - a +0 buckler
 f - a +1 chain mail of fire resistance
 j - a scarf of spirit shield (worn)
 z - a +0 shield
Jewellery
 g - an uncursed ring of fire
 n - a ring of positive energy (left hand)
 o - a ring of magical power (right hand)
Scrolls
 c - 5 scrolls of identify
 i - 5 scrolls of teleportation
 m - a scroll of remove curse
 u - a scroll of enchant weapon
 w - a scroll of torment {unknown}
 x - a scroll of noise {unknown}
 y - a scroll of amnesia {unknown}
Potions
 h - a potion of heal wounds
 k - a potion of might
 l - 2 potions of flight
 p - 2 potions of haste
 q - a potion of mutation
 r - a potion of curing
 s - 2 potions of resistance
 t - a potion of ambrosia {unknown}
 v - 2 potions of berserk rage {unknown}
Comestibles
 d - 12 rations
 A - 2 chunks of flesh


   Skills:
 - Level 4.0 Fighting
 - Level 1.5 Dodging
 * Level 9.2 Unarmed Combat
 - Level 5.0 Spellcasting
 - Level 6.0 Transmutations
 - Level 4.0 Ice Magic
 + Level 2.7 Invocations


You had 8 spell levels left.
You knew the following spells:

 Your Spells              Type           Power        Failure   Level  Hunger
a - Beastly Appendage     Tmut           ####..       1%          1    None
b - Sticks to Snakes      Tmut           ####....     1%          2    #......
c - Spider Form           Tmut/Pois      ###.......   12%         3    ##.....
d - Ice Form              Ice/Tmut       ###.....     17%         4    ####...

Your spell library contained the following spells:

 Spells                   Type           Power        Failure   Level  Hunger
 Magic Dart               Conj           #...         13%         1    None
 Summon Small Mammal      Summ           #...         13%         1    None
 Blink                    Tloc           N/A          21%         2    #......
 Call Imp                 Summ           #.......     21%         2    #......
 Slow                     Hex            #.......     21%         2    #......
 Blade Hands              Tmut           ####......   30%         5    ######.
 Call Canine Familiar     Summ           #.......     36%         3    ##.....
 Conjure Flame            Conj/Fire      #.......     36%         3    ##.....
 Mephitic Cloud           Conj/Pois/Air  #.......     36%         3    ##.....
 Summon Guardian Golem    Hex/Summ       #.......     36%         3    ##.....
 Summon Ice Beast         Ice/Summ       ##......     50%         4    ####...
 Summon Lightning Spire   Summ/Air       #.......     78%         4    ####...


Dungeon Overview and Level Annotations

Branches:
Dungeon (7/15)             Temple (0/1) D:6

Altars:
Ashenzari
Cheibriados
Hepliaklqana
Kikubaaqudgha
Nemelex Xobeh
Okawaru
Qazlal
Wu Jian
Xom
Yredelemnul
Zin
The Shining One

Shops:
D:7 %

Annotations:
D:5 3 runed translucent doors, wullow's ghost, novice GrVM


Innate Abilities, Weirdness & Mutations

You cannot wear boots.
Your serpentine skin is tough. (AC +3)
You have supernaturally acute eyesight. (SInv)
Armour fits poorly on your strangely shaped body.
Your system is resistant to poisons. (rPois)
You cover ground very slowly.
You have a slow metabolism.
You can spit poison.


Message History

The yak gores you! The yak gores you.
Things that are here:
a +0 hand axe; a +0 animal skin You hit the yak.
The yak is lightly wounded.
The yak gores you but does no damage.
You are too injured to fight recklessly!
You hit the yak. You punch the yak.
The yak is moderately wounded.
The yak gores you!
* * * LOW HITPOINT WARNING * * *
You are too injured to fight recklessly!
You barely miss the yak.
The yak is moderately wounded.
The yak gores you!
* * * LOW HITPOINT WARNING * * *
You hit the yak.
The yak is moderately wounded.
The yak gores you!
You die...

#........# #.#
#.#####..# #.# #.#
#..# #.####### #.#
#..# #.#...... #.#
##.# #.#.####.
#.######.# #.#.##...
#.##...#.####.#.#....
#.####..........#.=..
#..Y@..............._
###.###.........#....
#.#...........#....
#.##..........##...
#.##.######.#.####.
#.##.###...[.......
#.##...............
#..................
#####..............


You could see a yak.

Vanquished Creatures
  Pikel (D:6)
  2 hippogriffs (D:7)
  A human (D:6)
  Edmund (D:4)
  2 orc warriors
  A sky beast (D:5)
  2 slaves (D:6)
  2 centaurs
  2 ogres
  A bullfrog (D:7)
  A scorpion (D:7)
  2 crimson imps
  A jelly (D:7)
  A bullfrog zombie (D:7)
  7 orc priests
  Terence (D:2)
  4 iguanas
  4 orc wizards
  8 worker ants
  A hound skeleton (D:5)
  6 adders
  9 gnolls (D:7)
  4 river rats (D:7)
  2 shadow imps
  2 adder skeletons
  3 worms
  3 dart slugs
  5 leopard geckos
  19 orcs
  3 ball pythons
  6 giant cockroaches
  9 goblins
  6 hobgoblins
  16 jackals
  2 quokkas (D:3)
  3 bats
  3 frilled lizards
  A giant cockroach zombie (D:5)
  2 jackal skeletons
  8 kobolds
  2 quokka skeletons
  7 rats
166 creatures vanquished.

Vanquished Creatures (collateral kills)
  A frilled lizard (D:4)
1 creature vanquished.

Grand Total: 167 creatures vanquished

Notes
Turn   | Place    | Note
-------+----------+-------------------------------------------
     0 | D:1      | inmateoo the Naga Transmuter began the quest for the Orb.
     0 | D:1      | Reached XP level 1. HP: 18/18 MP: 3/3
   180 | D:1      | Reached XP level 2. HP: 18/25 MP: 3/5
   399 | D:1      | Learned a level 2 spell: Sticks to Snakes
   755 | D:2      | Reached XP level 3. HP: 31/31 MP: 4/6
  1101 | D:2      | Found a glowing silver altar of Zin.
  1324 | D:2      | Noticed Terence
  1340 | D:2      | Killed Terence
  1340 | D:2      | Reached XP level 4. HP: 23/39 MP: 7/7
  1592 | D:2      | Reached skill level 4 in Unarmed Combat
  2417 | D:3      | Learned a level 3 spell: Spider Form
  2459 | D:3      | Reached XP level 5. HP: 33/45 MP: 4/9
  2906 | D:3      | Reached XP level 6. HP: 29/55 MP: 2/10
  3147 | D:3      | Learned a level 4 spell: Ice Form
  3345 | D:4      | Reached skill level 5 in Unarmed Combat
  3409 | D:4      | Found a hazy altar of Hepliaklqana.
  3614 | D:4      | Found a shattered altar of Ashenzari.
  3744 | D:4      | Found a snail-covered altar of Cheibriados.
  3746 | D:4      | Found a shimmering altar of Xom.
  3746 | D:4      | Found an ornate altar of the Wu Jian Council.
  3748 | D:4      | Found a shimmering altar of Xom.
  3748 | D:4      | Found a sparkling altar of Nemelex Xobeh.
  3748 | D:4      | Found an iron altar of Okawaru.
  3767 | D:4      | Reached skill level 1 in Ice Magic
  3767 | D:4      | Reached XP level 7. HP: 7/62 MP: 0/12
  4243 | D:4      | Noticed Edmund
  4259 | D:4      | Killed Edmund
  4393 | D:5      | Entered Level 5 of the Dungeon
  4792 | D:5      | Reached skill level 6 in Unarmed Combat
  5036 | D:5      | Reached XP level 8. HP: 42/72 MP: 13/13
  5789 | D:5      | Found an iron altar of Okawaru.
  5951 | D:5      | Noticed wullow's ghost (novice GrVM)
  5969 | D:5      | Found a runed translucent gate.
  5969 | D:5      | Found a runed translucent gate.
  5969 | D:5      | Found a runed translucent gate.
  6288 | D:6      | Noticed Pikel
  6312 | D:6      | Killed Pikel
  6312 | D:6      | Reached skill level 7 in Unarmed Combat
  6312 | D:6      | Reached skill level 5 in Transmutations
  6312 | D:6      | Reached XP level 9. HP: 78/78 MP: 16/16
  6355 | D:6      | Found a snail-covered altar of Cheibriados.
  6364 | D:6      | Became a worshipper of Cheibriados the Contemplative
  6595 | D:6      | Found a staircase to the Ecumenical Temple.
  6868 | D:7      | Reached skill level 5 in Spellcasting
  6875 | D:7      | Reached skill level 8 in Unarmed Combat
  6881 | D:7      | HP: 3/93 [bullfrog zombie (3)]
  7435 | D:7      | Reached * piety under Cheibriados
  7565 | D:7      | Reached skill level 1 in Invocations
  8327 | D:7      | Found Rominul's Food Shoppe.
  8346 | D:7      | Found a glowing golden altar of the Shining One.
  8346 | D:7      | Found a basalt altar of Yredelemnul.
  8347 | D:7      | Found an ancient bone altar of Kikubaaqudgha.
  8454 | D:7      | Found a stormy altar of Qazlal.
  8476 | D:7      | Reached skill level 9 in Unarmed Combat
  8579 | D:7      | Reached ** piety under Cheibriados
  8755 | D:6      | Slain by a yak

Levels and vault maps discovered:
D:1:      scummos_arrival_forest, layout_rooms
D:2:      layout_basic, marbit_many_paths, first_ration, uniq_terence
D:3:      layout_rooms
D:4:      layout_rooms, kennysheep_mini_moat, doesnt_xom_only_xom,
          ashenzari_conservatory_becter, uniq_edmund
D:5:      layout_cave_pools, okawaru_metal_pillars_1_2, gammafunk_ghost_icy,
          palyth_stone_intersect
D:6:      layout_basic, old_standard_altar, minmay_temple_entry_purple_smoke,
          grunt_ministairs_13, minivault_1, kennysheep_small_square, uniq_pikel
D:7:      wad_woods_tower, layout_cave_pods, lemuel_doored_altar,
          gammafunk_temple_overflow_claw, serial_shops, shop, grunt_livestock

Skill      XL: |  1  2  3  4  5  6  7  8  9 |
---------------+----------------------------+-----
Unarmed Combat | 4 5 6 7 9 |  9.2
Fighting       | 2 3 4 |  4.0
Transmutations | 3 4 5 6 |  6.0
Spellcasting   | 3 4 5 |  5.0
Ice Magic      | 1 2 3 4 |  4.0
Invocations    | 2 |  2.7
Dodging        | |  1.5

Action                   |  1- 3 |  4- 6 |  7- 9 || total
-------------------------+-------+-------+-------++-------
Melee: Unarmed           |   132 |   179 |   353 ||   664
       Headbutt          |     9 |     1 |       ||    10
       Punch             |     1 |     1 |     8 ||    10
 Cast: Beastly Appendage |    11 |     2 |       ||    13
       Spider Form       |       |     7 |     9 ||    16
       Sticks to Snakes  |       |     1 |     3 ||     4
       Ice Form          |       |       |     5 ||     5
 Abil: Spit Poison       |     3 |     2 |     2 ||     7
  Use: Scroll            |     2 |     5 |     5 ||    12
       Potion            |     2 |     2 |       ||     4
 Stab: Sleeping          |       |       |     2 ||     2
  Eat: Chunk             |       |     8 |    14 ||    22
Armor: Robe              |    12 |    30 |    43 ||    85
       Skin              |       |       |    19 ||    19
Dodge: Dodged            |    66 |   132 |   240 ||   438
